Map: [EWC] Alcyone

Players

Cure

  • Race: Terran Terran
  • Spawn Location: 1:00

herO - Winner!

  • Race: Protoss Protoss
  • Spawn Location: 7:00

Event: Esports World Cup 2024

VOD

Have the link to the VOD?

Description

Time

  • Played on: Aug. 16, 2024, 7:05 a.m.
  • Length: 17:47

All games in this series

Show
View Real Time Build Order
Export as new Build Order

Cure Terran 

Build Orders: Reaper Expand 

Get SALT Encoding   

  12  0:00  SCV  
  13  0:12  SCV  
  14  0:17  Supply Depot  
  14  0:24  SCV  
  15  0:38  SCV  
  15  0:40  Barracks  
  16  0:45  Refinery  
  16  0:50  SCV  
  17  1:02  SCV  
  18  1:15  SCV  
  19  1:28  Orbital Command  
  19  1:29  Reaper  
  20  1:53  Command Center  
  20  1:55  SCV  
  21  2:03  Barracks  
  21  2:06  Barracks Reactor  
  21  2:07  SCV  
  22  2:12  Supply Depot  
  22  2:20  SCV  
  23  2:30  Barracks  
  23  2:34  SCV  
  24  2:43  Marine x2  
  26  2:46  SCV  
  26  2:47  Supply Depot  
  27  2:52  Barracks Tech Lab  
  27  2:58  SCV  
  27  3:01  Marine x2  
  29  3:10  SCV  
  29  3:14  Marine, Stimpack  
  29  3:18  Marine  
  32  3:22  Barracks Tech Lab, SCV, Marine  
  33  3:34  SCV  
  33  3:36  Marine x2  
  33  3:39  Orbital Command  
  36  3:42  Marine x2  
  36  3:46  SCV  
  38  3:54  Combat Shield, Marine x2  
  40  3:58  SCV  
  41  4:08  Marine, Marauder  
  41  4:09  SCV  
  44  4:10  SCV  
  44  4:12  Marine, Marauder  
  48  4:17  Supply Depot  
  48  4:22  SCV  
  48  4:23  SCV  
  50  4:27  Marine  
  50  4:29  Supply Depot, Marauder  
  50  4:30  Marine  
  54  4:38  SCV x2  
  54  4:39  Marauder  
  54  4:45  Marine  
  59  4:47  Marine  
  59  4:51  Marauder  
  62  4:54  Concussive Shells  
  60  5:00  Marauder  
  60  5:03  Marine  
  60  5:05  Marine  
  62  5:09  SCV x2  
  62  5:12  Marauder  
  65  5:17  Supply Depot  
  65  5:21  SCV x2, Marauder  
  69  5:30  Marine x2  
  69  5:35  Marauder  
  68  5:38  SCV  
  68  5:39  SCV  
  68  5:40  Refinery  
  68  5:41  Supply Depot, Refinery  
  70  5:43  Marauder  
  71  5:54  Marine x2  
  71  5:55  SCV x2  
  71  5:56  Marauder  
  77  5:58  Refinery  
  77  6:04  Marauder  
  77  6:07  SCV x2  
  77  6:11  Marine x2  
  77  6:17  Marauder  
  79  6:19  SCV x2  
  79  6:22  Factory  
  81  6:26  Marauder  
  81  6:30  Supply Depot  
  81  6:31  Supply Depot, SCV, Engineering Bay  
  81  6:32  SCV  
  85  6:33  Marine  
  85  6:39  Marauder  
  80  6:44  SCV x2  
  68  6:47  Marine, Marauder  
  68  6:48  Bunker  
  68  6:51  Marine  
  72  6:56  SCV x2  
  72  7:00  Marauder  
  76  7:08  SCV x2, Marine, Marauder  
  81  7:09  Factory Reactor  
  81  7:11  Missile Turret  
  81  7:12  Starport  
  81  7:13  Supply Depot  
  81  7:14  Terran Infantry Weapons Level 1  
  81  7:20  SCV x2  
  81  7:22  Marauder  
  81  7:26  Marine x2  
  83  7:30  Marauder  
  83  7:36  Command Center  
  83  7:43  Marauder  
  85  7:45  Missile Turret  
  85  7:49  Barracks  
  85  7:50  Barracks  
  87  7:51  Marauder  
  87  7:54  Factory Reactor, Medivac x2  
  91  8:01  Marine x2  
  91  8:03  SCV  
  91  8:04  SCV, Marauder  
  97  8:09  Supply Depot  
  97  8:12  Supply Depot  
  99  8:13  Marauder  
  99  8:15  SCV  
  99  8:16  SCV  
  101  8:20  Marine x2  
  101  8:26  Marauder  
  107  8:27  Medivac x2  
  107  8:29  SCV  
  107  8:31  SCV  
  113  8:34  Marauder  
  113  8:38  Supply Depot  
  113  8:41  SCV, Marine  
  114  8:42  Barracks Tech Lab, Marine  
  114  8:43  SCV  
  114  8:45  Barracks Reactor  
  114  8:47  Marauder  
  121  8:55  Marauder  
  107  9:04  Marine x2, Marauder  
  107  9:08  Marauder  
  107  9:09  Medivac x2  
  115  9:11  Widow Mine x2  
  115  9:14  SCV x2, Terran Infantry Armor Level 1  
  123  9:17  Marauder  
  123  9:26  SCV x2, Marine x2, Marauder  
  129  9:38  SCV x2  
  129  9:40  Orbital Command  
  129  9:42  Supply Depot, Marauder x2, Medivac  
  129  9:43  Supply Depot  
  129  9:44  Medivac  
  129  9:45  Marine  
  140  9:47  Marine x2  
  140  9:51  Marine x2  
  144  10:03  Marauder  
  144  10:04  Widow Mine x2  
  150  10:11  SCV x3  
  150  10:13  Marine x4, Marauder x2  
  161  10:17  Supply Depot  
  161  10:19  Supply Depot  
  161  10:20  Viking  
  163  10:25  Viking  
  165  10:30  Ghost Academy  
  165  10:36  Refinery x2  
  165  10:40  Missile Turret  
  165  10:52  Marine x2  
  165  10:53  Marine x2  
  165  10:56  Viking x2  
  173  10:58  Armory  
  173  11:00  Engineering Bay  
  173  11:01  Command Center  
  176  11:04  Widow Mine x2  
  174  11:11  Ghost x3  
  174  11:17  SCV  
  181  11:20  Supply Depot  
  181  11:26  Viking  
  181  11:32  Marine x4  
  173  11:41  Marauder x3  
  173  11:44  Viking  
  173  11:47  Widow Mine x2  
  173  11:49  Marine x2  
  173  11:50  Marine x2  
  179  11:56  Viking  
  180  12:01  Marine  
  180  12:02  Marine x2  
  180  12:07  Marine x4  
  176  12:19  Marine  
  176  12:20  Marauder x2  
  158  12:25  Marine x4  
  133  12:34  Medivac  
  130  12:38  Marauder  
  130  12:40  Widow Mine x2  
  130  12:41  Marine, Marauder  
  130  12:43  Marine x4  
  134  12:59  Marauder x2  
  134  13:01  Marine x2  
  134  13:02  Ghost, Medivac  
  134  13:04  Medivac  
  138  13:09  Marine x2  
  124  13:18  Orbital Command  
  108  13:20  Marauder  
  107  13:27  Marine  
  107  13:32  Medivac  
  107  13:34  Medivac  
  103  13:35  Marine  
  97  13:50  Widow Mine x2  
  97  13:51  Marauder  
  103  13:59  Marauder  
  105  14:05  Terran Infantry Weapons Level 2  
  105  14:09  Marine  
  108  14:17  Widow Mine  
  108  14:18  Marine x2, Ghost, Widow Mine  
  108  14:20  Planetary Fortress  
  108  14:22  Marauder  
  116  14:28  Marauder  
  118  14:37  Marine x4  
  120  14:43  Marauder  
  117  14:47  Marauder  
  117  14:49  Marauder  
  106  14:55  Marine x4  
  106  15:05  Marauder  
  106  15:08  Marauder  
  106  15:10  Marine  
  106  15:12  Medivac x2  
  106  15:13  Marine x3  
  116  15:14  Widow Mine  
  116  15:15  Widow Mine  
  120  15:23  Marine  
  120  15:26  Marauder  
  120  15:28  Marine  
  124  15:29  Marine  
  124  15:31  Marine  
  124  15:33  Marine x2  
  122  15:46  Ghost, Marauder  
  122  15:47  Marine  
  122  15:48  Marauder  
  122  15:49  Marine  
  120  15:51  Marine x2  
  94  16:05  Marine  
  94  16:06  Marine  
  94  16:08  Marauder  
  94  16:09  Marine x2, Marauder  
  98  16:16  Marauder  
  87  16:29  Marauder  
  87  16:30  Marauder  
  87  16:31  Marine x4  
  91  16:36  Widow Mine x2  
  91  16:37  Marauder  
  90  16:49  Marine x3, Ghost  
  90  16:52  Marauder  
  97  16:59  Marauder  
  93  17:10  Marine x4  
  93  17:13  Marauder  
  88  17:19  Marauder  
  88  17:22  SCV  
  89  17:23  SCV  
  89  17:24  SCV, Refinery  
  89  17:25  Refinery  
Show
View Real Time Build Order
Export as new Build Order

herO Protoss - Winner!

Build Orders: 1 Gate Expand, Blink Stalkers 

Get SALT Encoding   

  12  0:00  Probe  
  13  0:13  Probe  
  14  0:20  Pylon  
  14  0:25  Probe  
  15  0:38  Gateway, Probe (Chrono Boost)  
  16  0:47  Probe (Chrono Boost)  
  16  0:48  Assimilator  
  17  0:52  Probe (Chrono Boost)  
  18  1:04  Probe  
  19  1:16  Probe  
  20  1:25  Cybernetics Core  
  20  1:36  Nexus  
  20  1:41  Pylon  
  20  1:43  Probe  
  21  1:49  Assimilator  
  21  1:55  Probe  
  21  1:59  Adept (Chrono Boost)  
  22  2:02  Warp Gate  
  22  2:07  Probe  
  25  2:19  Adept (Chrono Boost), Probe  
  28  2:29  Twilight Council  
  28  2:31  Probe  
  28  2:41  Stalker  
  28  2:43  Probe  
  31  2:47  Probe  
  32  2:56  Probe  
  33  3:04  Blink (Chrono Boost)  
  32  3:09  Probe x2  
  34  3:14  Gateway  
  34  3:21  Probe x2  
  34  3:23  Stalker  
  38  3:36  Probe (Chrono Boost)  
  38  3:39  Probe (Chrono Boost)  
  41  3:49  Probe (Chrono Boost)  
  41  3:52  Probe (Chrono Boost)  
  41  3:54  Probe (Chrono Boost)  
  43  3:55  Gateway  
  43  3:57  Pylon  
  43  4:01  Probe  
  44  4:05  Probe  
  44  4:07  Stalker  
  44  4:08  Stalker  
  45  4:13  Probe  
  46  4:17  Assimilator, Probe  
  46  4:19  Assimilator, Shield Battery  
  47  4:25  Probe  
  47  4:28  Pylon  
  47  4:29  Probe  
  49  4:32  Stalker x2  
  53  4:38  Gateway  
  53  4:40  Gateway  
  53  4:42  Probe  
  54  4:47  Robotics Facility  
  54  4:50  Stalker  
  56  5:00  Stalker x2  
  60  5:10  Pylon  
  60  5:14  Shield Battery  
  62  5:19  Stalker  
  62  5:21  Probe  
  62  5:26  Probe  
  62  5:28  Stalker x2  
  62  5:33  Probe  
  67  5:37  Observer (Chrono Boost)  
  67  5:38  Probe  
  67  5:41  Robotics Bay  
  69  5:45  Forge  
  70  5:54  Pylon  
  69  6:02  Pylon  
  69  6:10  Warp Prism  
  69  6:12  Stalker x2  
  69  6:13  Stalker x2  
  73  6:26  Nexus  
  73  6:28  Shield Battery  
  71  6:44  Probe  
  71  6:45  Probe  
  71  6:46  Colossus (Chrono Boost)  
  68  6:53  Stalker x3  
  79  6:58  Stalker  
  79  7:01  Probe x2  
  83  7:08  Extended Thermal Lance  
  83  7:11  Pylon  
  83  7:12  Protoss Ground Weapons Level 1  
  83  7:14  Probe  
  83  7:15  Probe  
  87  7:30  Probe x2 (Chrono Boost)  
  87  7:32  Gateway  
  87  7:34  Pylon  
  87  7:37  Sentry x3, Pylon  
  89  7:40  Charge (Chrono Boost)  
  89  7:41  Probe x2 (Chrono Boost)  
  89  7:42  Probe (Chrono Boost)  
  96  7:49  Probe x2 (Chrono Boost)  
  96  7:50  Probe (Chrono Boost)  
  99  7:55  Colossus (Chrono Boost)  
  105  8:09  Pylon  
  105  8:11  Nexus  
  105  8:14  Pylon  
  105  8:18  Probe  
  106  8:22  Gateway  
  106  8:24  Gateway  
  106  8:29  Pylon  
  106  8:35  Zealot x4, Disruptor (Chrono Boost)  
  106  8:37  Sentry  
  120  8:42  Forge  
  120  8:43  Probe x2  
  120  8:44  Probe  
  120  8:47  Shield Battery  
  107  9:03  Stalker x5  
  101  9:11  Colossus (Chrono Boost)  
  101  9:17  Probe x3  
  107  9:21  Zealot x2  
  112  9:24  Protoss Ground Weapons Level 2 (Chrono Boost)  
  112  9:27  Zealot x2, Sentry  
  112  9:28  Zealot x2  
  112  9:29  Probe  
  123  9:38  Protoss Ground Armor Level 1 (Chrono Boost)  
  123  9:40  Probe  
  123  9:41  Probe x3  
  127  9:47  Zealot x3  
  127  9:48  Zealot  
  127  9:51  Disruptor (Chrono Boost)  
  134  9:54  Pylon  
  138  10:05  Nexus  
  138  10:11  Pylon  
  138  10:13  Robotics Facility, Probe x3  
  141  10:14  Probe  
  141  10:20  Pylon  
  142  10:24  Shield Battery  
  142  10:26  Zealot x5  
  142  10:27  Zealot  
  154  10:29  Pylon  
  154  10:32  Disruptor  
  156  10:40  Stalker  
  149  10:54  Zealot x3  
  149  10:55  Stalker x3  
  157  11:04  Probe x4  
  157  11:06  Disruptor (Chrono Boost)  
  157  11:08  Assimilator  
  164  11:12  Photon Cannon  
  164  11:13  Colossus (Chrono Boost), Photon Cannon  
  164  11:15  Photon Cannon  
  170  11:19  Pylon  
  170  11:22  Pylon  
  170  11:23  Pylon  
  168  11:27  Zealot x5  
  176  11:36  Disruptor  
  161  11:47  Stalker x4  
  165  11:58  Pylon x2  
  165  11:59  Pylon  
  165  12:00  Pylon  
  165  12:01  Pylon x2  
  165  12:02  Pylon  
  157  12:11  Zealot x5  
  157  12:14  Probe x2  
  157  12:15  Probe  
  135  12:24  Probe  
  135  12:26  Probe  
  135  12:27  Probe  
  138  12:35  Zealot x5  
  148  12:40  Disruptor (Chrono Boost)  
  148  12:41  Disruptor (Chrono Boost)  
  154  12:47  Probe x4  
  118  13:19  Zealot x3  
  102  13:24  Warp Prism (Chrono Boost)  
  84  13:28  Probe  
  84  13:29  Probe x2  
  84  13:30  Probe  
  90  13:35  Pylon  
  90  13:39  Gateway  
  90  13:40  Probe  
  91  13:42  Zealot x3  
  91  13:43  Gateway  
  91  13:44  Gateway  
  91  13:45  Gateway  
  91  13:46  Gateway  
  95  13:50  Immortal (Chrono Boost)  
  95  13:51  Probe x3  
  95  13:53  Pylon, Probe  
  103  13:56  Gateway  
  103  14:00  Assimilator  
  103  14:01  Assimilator  
  103  14:03  Zealot x3, Probe  
  103  14:04  Zealot  
  103  14:09  Cybernetics Core  
  112  14:11  Nexus, Probe x2  
  112  14:12  Probe  
  115  14:28  Zealot x4  
  115  14:29  Disruptor  
  124  14:43  Zealot  
  124  14:44  Zealot x3  
  132  14:49  Pylon  
  109  14:53  Zealot x4  
  109  14:54  Disruptor (Chrono Boost)  
  115  15:07  Zealot x6  
  117  15:08  Probe x4  
  117  15:10  Disruptor (Chrono Boost), Shield Battery  
  131  15:15  Protoss Ground Armor Level 2 (Chrono Boost)  
  131  15:20  Probe x2  
  133  15:25  Zealot x4  
  135  15:29  Zealot x5  
  135  15:30  Zealot  
  135  15:33  Disruptor (Chrono Boost)  
  126  15:50  Zealot x10  
  126  15:51  Disruptor  
  141  15:58  Probe x3  
  141  15:59  Probe x2  
  140  16:10  Probe x2  
  140  16:11  Probe x3  
  133  16:19  Stalker x3  
  133  16:22  Probe  
  130  16:30  Warp Prism (Chrono Boost)  
  130  16:31  Zealot x7  
  142  16:36  Disruptor (Chrono Boost)  
  142  16:47  Nexus  
  142  16:49  Zealot x3  
  148  16:57  Zealot x7  
  148  16:58  Probe  
  148  16:59  Probe x4  
  159  17:09  Disruptor  
  159  17:10  Probe  
  159  17:11  Probe x2  
  158  17:23  Zealot x9  
  158  17:24  Zealot  
Tags
 
Add a new tag
Caveats
  • Supply blocks, unpowered buildings, or Contaminate may cause inaccurate times.
  • Supply counts are checked every 10 seconds.